 Dungeon Crawl Stone Soup version 0.25-a0-1119-g28b6fd0c3b (webtiles) character file.

Game seed: 11550430386109918529, levelgen mode: deterministic

95 Gwenloh the Magician (level 4, 0/35 HPs)
             Began as a Demigod Wizard on May 17, 2020.
             Slain by an orc
             ... wielding a +0 trident
              (3 damage)
             ... on level 3 of the Dungeon.
             The game lasted 00:09:10 (2903 turns).

Gwenloh the Magician (Demigod Wizard)               Turns: 2903, Time: 00:09:11

Health: 0/35       AC:  2    Str: 10    XL:     4   Next: 17%
Magic:  2/11       EV: 13    Int: 22    God:
Gold:   77         SH:  0    Dex: 16    Spells: 4/9 levels left

rFire    . . .     SeeInvis +   e - +0 dagger
rCold    . . .     Gourm    .   (no shield)
rNeg     . . .     Faith    .   a - +0 robe
rPois    .         Spirit   .   b - +0 hat
rElec    .         Reflect  .   (no cloak)
rCorr    .         Harm     .   (no gloves)
MR       .....                  (no boots)
Stlth    ++........             (no amulet)
HPRegen  0.11/turn              f - ring of see invisible
MPRegen  0.12/turn              (no ring)

@: very slightly contaminated
A: high mp 1
a: no special abilities


You were on level 3 of the Dungeon.
You were not hungry.

You visited 1 branch of the dungeon, and saw 3 of its levels.

You collected 77 gold pieces.

Inventory:

Hand Weapons
 e - a +0 dagger (weapon)
Missiles
 g - 7 poisoned darts (quivered)
 l - 2 boomerangs
Armour
 a - a +0 robe (worn)
 b - a +0 hat (worn)
 k - a +0 leather armour
 q - a +1 scale mail of fire resistance
Jewellery
 f - a ring of see invisible (left hand)
 t - a cursed ring of teleportation {unknown}
Scrolls
 c - a scroll of magic mapping
 i - 3 scrolls of immolation
 j - a scroll of enchant weapon
 m - a scroll of teleportation
 n - 2 scrolls of amnesia
 p - a scroll of remove curse
Potions
 o - a potion of mutation
 r - a potion of resistance {unknown}
 s - a potion of brilliance {unknown}
 u - a potion of ambrosia {unknown}
Comestibles
 d - 3 rations
 h - 3 chunks of flesh


   Skills:
 * Level 1.5 Fighting
 * Level 2.5 Dodging
 + Level 2.3 Stealth
 + Level 3.0 Spellcasting
 + Level 1.5 Conjurations
 + Level 1.3 Summonings
 - Level 0.8 Translocations


You had 4 spell levels left.
You knew the following spells:

 Your Spells              Type           Power        Failure   Level  Hunger
a - Magic Dart            Conj           #...         7%          1    None
b - Blink                 Tloc           N/A          13%         2    ##.....
c - Call Imp              Summ           #.......     11%         2    ##.....

Your spell library contained the following spells:

 Spells                   Type           Power        Failure   Level  Hunger
 Slow                     Hex            #.......     19%         2    ##.....
 Conjure Flame            Conj/Fire      #.......     26%         3    ###....
 Mephitic Cloud           Conj/Pois/Air  #.......     30%         3    ###....


Dungeon Overview and Level Annotations

Branches:
Dungeon (3/15)


Innate Abilities, Weirdness & Mutations

You have an increased reservoir of magic. (+10% MP)


Message History

You closely miss the orc.
The orc is lightly wounded.
The orc hits you with a +0 trident!
You barely miss the orc.
The orc is lightly wounded.
The orc hits you with a +0 trident.
You barely miss the orc.
The orc is lightly wounded.
The orc hits you with a +0 trident!
* * * LOW HITPOINT WARNING * * *
You hit the orc but do no damage.
The orc is lightly wounded.
The orc closely misses you.
You hit the orc but do no damage.
The orc is lightly wounded.
The orc hits you but does no damage.
You hit the orc but do no damage.
The orc is lightly wounded.
The orc hits you with a +0 trident.
You die...

... ##### ##.#
.... ..#.# ...#
#.#.# #.#+#.#.#
#.....#.#
#)....#.#
#.....#o#
#.....#@#######
#..(...........
#.....#.#######
#.....#.#
#....<#.#
#....>.......
#.....#....#.
........#...##
......!.+.....


You could see an orc.

Vanquished Creatures
  4 adders
  An ooze (D:1)
  2 worms (D:2)
  5 dart slugs
  A leopard gecko (D:1)
  An orc (D:3)
  4 goblins
  2 hobgoblins
  A quokka (D:2)
  5 bats
  3 frilled lizards
  5 kobolds
  9 rats
43 creatures vanquished.

Notes
Turn   | Place    | Note
-------+----------+-------------------------------------------
     0 | D:1      | Gwenloh the Demigod Wizard began the quest for the Orb.
     0 | D:1      | Reached XP level 1. HP: 14/14 MP: 6/6
   111 | D:1      | Reached skill level 1 in Conjurations
   418 | D:1      | Reached XP level 2. HP: 7/22 MP: 0/8
   625 | D:1      | Learned a level 2 spell: Blink
   628 | D:1      | Learned a level 2 spell: Call Imp
  1140 | D:2      | Reached skill level 1 in Summonings
  1304 | D:2      | Reached skill level 1 in Fighting
  1492 | D:2      | Reached XP level 3. HP: 28/28 MP: 2/10
  2715 | D:3      | Reached XP level 4. HP: 35/35 MP: 9/11
  2744 | D:3      | Reached skill level 3 in Spellcasting
  2903 | D:3      | Slain by an orc

Illustrated notes

Levels and vault maps discovered:
D:1:      lightli_arrival_isolated_outpost, layout_basic
D:2:      minmay_door_path, layout_basic, minmay_splitting_lines
D:3:      layout_basic, nicolae_gozag_cash_rules_everything_around_me,
          first_ration, uniq_natasha

Skill      XL: |  1  2  3  4 |
---------------+-------------+-----
Conjurations   | 1 |  1.5
Dodging        | 2 |  2.5
Stealth        | 2 |  2.3
Summonings     | 1 |  1.3
Fighting       | 1 |  1.5
Spellcasting   | 3 |  3.0
Translocations | |  0.8

Action                   |  1- 3 |  4- 6 || total
-------------------------+-------+-------++-------
Melee: Dagger            |    15 |    21 ||    36
Throw: Dart              |     7 |       ||     7
 Cast: Magic Dart        |   107 |    25 ||   132
  Use: Scroll            |     8 |       ||     8
  Eat: Chunk             |     5 |     1 ||     6
Armor: Robe              |     8 |     1 ||     9
Dodge: Dodged            |    25 |    19 ||    44

Table legend:
 A = Non-vault XP
 B = Vault XP
 C = Vault XP percentage of total XP
 D = Non-vault monster count
 E = Vault monster count
 F = Vault count percentage of total count
                 A         B        C        D         E       F
            +---------+---------+-------+---------+---------+-------
      Total |     121 |      15 |  11.0 |      40 |       3 |   7.0
            +---------+---------+-------+---------+---------+-------
        D:1 |      31 |       0 |   0.0 |      15 |       0 |   0.0
        D:2 |      69 |      15 |  17.9 |      21 |       3 |  12.5
        D:3 |      21 |       0 |   0.0 |       4 |       0 |   0.0
            +---------+---------+-------+---------+---------+-------
